 Dungeon Crawl Stone Soup version 0.28-b1-25-g9875b3fc8c (webtiles) character file.

Game seed: 3814643958979528939

4832 tilp the Cleaver (level 10, -6/135 HPs)
             Began as a Hill Orc Delver on Feb 6, 2022.
             Was a Priest of Qazlal.
             Mangled by a vampire (10 damage)
             ... in a bailey.
             The game lasted 00:17:20 (10747 turns).

tilp the Cleaver (Hill Orc Delver)                 Turns: 10747, Time: 00:17:21

Health: -6/135     AC: 20    Str: 20    XL:     10   Next: 49%
Magic:  10/10      EV: 13    Int: 10    God:    Qazlal [***...]
Gold:   149        SH:  0    Dex: 12    Spells: 9/9 levels left

rFire   . . .      SeeInvis +   a - +3 battleaxe
rCold   + + .      Faith    .   (shield currently unavailable)
rNeg    . . .      Spirit   .   G - +2 ring mail {rC+}
rPois   .          Reflect  +   F - +2 helmet {SInv}
rElec   .          Harm     .   A - +1 cloak
rCorr   .          Rampage  .   (no gloves)
Will    .....                   K - +2 pair of boots
Stlth   ..........              D - amulet of reflection
HPRegen 0.32/turn               q - ring of protection from cold
MPRegen 0.12/turn               I - +4 ring of protection

@: confused, berserking (expiring), very quick
A: no striking features
a: Renounce Religion, Upheaval, Elemental Force


You were in a bailey.
You worshipped Qazlal.
Qazlal was most pleased with you.
You visited 1 branch of the dungeon, and saw 9 of its levels.
You also visited: Bailey.

You collected 479 gold pieces.
You spent 330 gold pieces at shops.

Inventory:

Hand Weapons
 a - a +3 battleaxe (weapon)
 b - a +2 hand axe of flaming
Missiles
 h - 4 javelins
 m - 13 poisoned darts (quivered)
 H - a throwing net
 L - 2 boomerangs
Armour
 i - a scarf of shadows
 j - the +3 leather armour "Ytzoext" {+Blink rC+}
   (You found it on level 6 of the Dungeon)

   rC:        It protects you from cold.
   +Blink:    It lets you blink.
 A - a +1 cloak (worn)
 F - a +2 helmet of see invisible (worn)
 G - a +2 ring mail of cold resistance (worn)
 K - a +2 pair of boots (worn)
 M - a +0 chain mail
Jewellery
 q - a ring of protection from cold (left hand)
 C - a ring of flight
 D - an amulet of reflection (around neck)
 I - a +4 ring of protection (right hand)
Wands
 g - a wand of digging (3)
 l - a wand of flame (6)
 s - a wand of mindburst (8)
 x - a wand of iceblast (6)
Scrolls
 c - 2 scrolls of fog
 k - 2 scrolls of magic mapping
 u - a scroll of fear
 w - 5 scrolls of teleportation
 y - a scroll of blinking
Potions
 d - 3 potions of mutation
 e - 3 potions of attraction
 f - 2 potions of haste
 n - 3 potions of flight
 o - 3 potions of cancellation
 r - a potion of ambrosia
 t - 3 potions of resistance
 v - 3 potions of invisibility
 z - 2 potions of lignification
 B - 3 potions of curing
 E - 3 potions of berserk rage
 J - a potion of brilliance


   Skills:
 + Level 8.5 Fighting
 * Level 13.4 Axes
 - Level 2.0 Throwing
 - Level 4.0 Armour
 + Level 5.8 Dodging
 - Level 4.1 Stealth
 - Level 4.0 Evocations


You had 9 spell levels left.
You didn't know any spells.
Your spell library contained the following spells:

 Spells                   Type           Power      Damage    Failure   Level
 Sandblast                Erth           0%         2d4       52%         1
 Ensorcelled Hibernation  Hex/Ice        0%         N/A       67%         2
 Passwall                 Tmut/Erth      0%         N/A       67%         2
 Static Discharge         Conj/Air       0%         N/A       67%         2
 Ozocubu's Armour         Ice            0%         N/A       88%         3
 Stone Arrow              Conj/Erth      0%         3d7       88%         3
 Swiftness                Air            0%         N/A       88%         3
 Lightning Bolt           Conj/Air       0%         1d11      100%        5
 Metabolic Englaciation   Hex/Ice        0%         N/A       100%        5
 Summon Forest            Summ/Tloc      0%         N/A       100%        5
 Summon Mana Viper        Hex/Summ       0%         N/A       100%        5
 Simulacrum               Ice/Necr       0%         N/A       100%        6
 Summon Cactus Giant      Summ           0%         N/A       100%        6
 Maxwell's Capacitive Co  Air            0%         ∞         100%        8


Dungeon Overview and Level Annotations

Branches:
Dungeon (9/15)             Temple (0/1) D:5          Bailey (1/1)
   Lair: D:8-11         Orc: D:9-12

Altars:
Ashenzari
Cheibriados
Kikubaaqudgha
Nemelex Xobeh
Okawaru
Qazlal
Ru
Sif Muna
Trog
Vehumet
Wu Jian
Xom
Zin

Shops:
D:4 *   D:5 ?   D:7 (

Annotations:
D:7 2 transporters, Galthrax's ghost, novice OgGl


Message History

You slice the vampire!!
You destroy the vampire!
Qazlal accepts your kill.
Unknown command.
The vampire hits you with a +1 vampiric halberd.
* * * LOW HITPOINT WARNING * * *
The vampire bites you but does no damage.
The vampire hits you from afar with a +0 vampiric halberd.
* * * LOW HITPOINT WARNING * * *
There is an open door, spattered with blood here.
Things that are here:
a +2 vampiric halberd; a +0 scale mail You hit the vampire but do no damage.
The vampire points at you and mumbles some strange words.
You are confused.
The vampire misses you.
You barely miss the vampire. You closely miss the vampire.
The vampire hits you but does no damage.
The vampire bites you but does no damage.
The vampire hits you with a +0 vampiric halberd!
* * * LOW HITPOINT WARNING * * *
The vampire bites you but does no damage.
Unknown command.
You are too berserk!
You hit the vampire.
The vampire is lightly damaged.
You closely miss the vampire. The vampire completely misses you.
The vampire bites you.
* * * LOW HITPOINT WARNING * * *
The vampire draws strength from your injuries!
The vampire barely misses you. The vampire misses you.
You barely miss the vampire.
The vampire is lightly damaged.
You barely miss the vampire.
Unknown command.
You slash the vampire!
The vampire is severely damaged.
You barely miss the vampire.
The vampire hits you with a +1 vampiric halberd!
You die...

♣♣♣♣ ♣♣≈≈♣ ♣♣♣♣♣ ♣≈≈≈♣♣
♣♣♣♣...♣♣ ≈≈≈..♣♣♣....8..♣
≈≈.............########
≈............8.)VV....#
≈.8.....8......#@.....######
≈........#######.☼....#....#
≈.....####..'..'......'.)..#
≈.#####.....#.)###''########
≈.'..'......#.)).#.....8#88#
≈.#..#..)...#....#......#..#
≈.#..#......######......#..#
≈.#.)#.♣..♣...)....##...#..#
≈.#.)#...♣♣..).)..##))..#..#


You could see 2 vampires.

Vanquished Creatures
  A two-headed ogre (D:9)
  Pikel (D:6)
  Maurice (D:9)
  A gargoyle (Bailey)
  A vampire (Bailey)
  A steam dragon (D:5)
  A vampire mosquito (D:6)
  An ice beast (D:6)
  A sky beast (D:6)
  An ogre (D:7)
  A necrophage (D:8)
  A centaur (D:8)
  2 lemures
  A phantom (D:4)
  An elf zombie (D:4)
  2 bullfrogs
  2 water moccasin zombies
  3 killer bees (D:7)
  3 wights
  A howler monkey (D:7)
  8 vampire bats (Bailey)
  6 wolf zombies (Bailey)
  2 bullfrog zombies
  A centaur zombie (D:8)
  4 orc priests
  A human zombie (D:4)
  A jelly (D:6)
  A gnoll shaman (D:7)
  A bullfrog skeleton (D:5)
  Crazy Yiuf (D:6)
  3 hounds
  Jessica (D:3)
  2 human skeletons (D:4)
  Ijyb (D:5)
  3 iguanas
  6 orc wizards
  A hound skeleton (D:4)
  2 howler monkey zombies (D:8)
  Robin (D:3)
  A howler monkey skeleton (D:4)
  8 gnolls
  2 white imps
  An ufetubus (D:5)
  3 worms
  3 dart slugs (D:2)
  12 orcs
  5 ball pythons
  4 endoplasms
  4 giant cockroaches
  5 hobgoblins
  6 jackals
  4 quokkas
  3 bats
  2 frilled lizards
  13 goblins
  7 kobolds
  2 orc skeletons (D:4)
  22 orc zombies (Bailey)
  4 rats
184 creatures vanquished.

Notes
Turn   | Place    | Note
-------+----------+-------------------------------------------
     0 | D:5      | tilp the Hill Orc Delver began the quest for the Orb.
     0 | D:5      | Reached XP level 1. HP: 19/19 MP: 1/1
    31 | D:5      | Reached skill level 3 in Axes
    38 | D:5      | Reached XP level 2. HP: 13/27 MP: 2/2
   106 | D:5      | HP: 1/27 [iguana (12)]
   928 | D:1      | Found a faded altar of an unknown god.
   933 | D:1      | Reached skill level 4 in Axes
  1047 | D:1      | Reached XP level 3. HP: 31/33 MP: 3/3
  2165 | D:2      | Identified the +3 rapier "Gaola" {drain, +Blink rPois}
  2634 | D:3      | Reached skill level 5 in Axes
  2690 | D:3      | Found a stormy altar of Qazlal.
  2995 | D:3      | Noticed Robin
  3006 | D:3      | Reached XP level 4. HP: 35/40 MP: 4/4
  3037 | D:3      | Killed Robin
  3363 | D:3      | Noticed Jessica
  3373 | D:3      | Killed Jessica
  3374 | D:3      | Reached skill level 6 in Axes
  3797 | D:4      | Reached XP level 5. HP: 45/46 MP: 5/5
  3799 | D:4      | Noticed a phantom
  3921 | D:3      | Became a worshipper of Qazlal Stormbringer
  3981 | D:4      | Killed a phantom
  3982 | D:4      | Reached skill level 1 in Armour
  3982 | D:4      | Reached skill level 1 in Evocations
  4299 | D:4      | Reached XP level 6. HP: 37/53 MP: 6/6
  4454 | D:4      | Reached skill level 1 in Throwing
  4736 | D:4      | Reached skill level 7 in Axes
  5095 | D:4      | Reached XP level 7. HP: 48/60 MP: 7/7
  5250 | D:4      | Found Juxafapy's Fire Supplies.
  5549 | D:4      | Found a broken altar of Ashenzari.
  5703 | D:5      | Found an ornate altar of the Wu Jian Council.
  5728 | D:5      | Found Desiuf's Magic Scroll Shop.
  5784 | D:5      | Reached * piety under Qazlal
  5789 | D:5      | Noticed a steam dragon
  5805 | D:5      | Killed a steam dragon
  5806 | D:5      | Reached skill level 5 in Fighting
  6071 | D:5      | Bought a scroll of blinking for 97 gold pieces
  6071 | D:5      | Bought a scroll of teleportation for 39 gold pieces
  6071 | D:5      | Bought a scroll of magic mapping for 45 gold pieces
  6071 | D:5      | Bought a scroll of teleportation for 39 gold pieces
  6071 | D:5      | Bought a scroll of noise for 13 gold pieces
  6282 | D:5      | Found a staircase to the Ecumenical Temple.
  6399 | D:5      | Reached skill level 8 in Axes
  6399 | D:5      | Reached XP level 8. HP: 57/68 MP: 8/8
  6497 | D:5      | Noticed Ijyb
  6517 | D:5      | Killed Ijyb
  6947 | D:6      | Identified the +3 leather armour "Ytzoext" {+Blink rC+}
  7279 | D:6      | Found an ancient bone altar of Kikubaaqudgha.
  7279 | D:6      | Found a glowing silver altar of Zin.
  7280 | D:6      | Found a shimmering altar of Xom.
  7430 | D:6      | Found a snail-covered altar of Cheibriados.
  7458 | D:6      | Reached skill level 9 in Axes
  7844 | D:6      | Identified the +4 rapier of Honesty {antimagic, rCorr Int-5
                  | Dex+4}
  8023 | D:6      | Found a runed translucent door.
  8024 | D:6      | Noticed Crazy Yiuf
  8031 | D:6      | Killed Crazy Yiuf
  8193 | D:5      | Bought a scroll of enchant armour for 97 gold pieces
  8209 | D:7      | Noticed Pikel
  8209 | D:7      | Found Ivafarch's Weapon Boutique.
  8222 | D:6      | Killed Pikel
  8223 | D:6      | Reached skill level 10 in Axes
  8223 | D:6      | Reached XP level 9. HP: 44/77 MP: 9/9
  8409 | D:7      | Found a transporter.
  8420 | D:7      | Found a transporter.
  8484 | D:7      | Found a sparkling altar of Nemelex Xobeh.
  8993 | D:7      | Noticed a troll
  8997 | D:7      | Noticed a two-headed ogre
  8998 | D:7      | Noticed Galthrax's ghost (novice OgGl)
  9041 | D:7      | Reached skill level 11 in Axes
  9499 | D:8      | Reached ** piety under Qazlal
  9673 | D:8      | Found a bloodstained altar of Trog.
  9674 | D:8      | Found a radiant altar of Vehumet.
  9769 | D:8      | Found a sacrificial altar of Ru.
  9791 | D:8      | Found an iron altar of Okawaru.
  9794 | D:8      | Found a shimmering blue altar of Sif Muna.
  9987 | D:9      | Noticed a two-headed ogre
  9988 | D:9      | Found a flagged portal.
  9989 | D:9      | Noticed Maurice
  9997 | D:9      | Killed a two-headed ogre
  9998 | D:9      | Reached skill level 12 in Axes
  9998 | D:9      | Reached skill level 5 in Dodging
  9998 | D:9      | Reached XP level 10. HP: 43/88 MP: 10/10
 10012 | D:9      | Killed Maurice
 10249 | Bailey   | Entered a bailey
 10486 | Bailey   | Reached *** piety under Qazlal
 10487 | Bailey   | Reached skill level 13 in Axes
 10575 | Bailey   | Noticed a gargoyle
 10580 | Bailey   | Killed a gargoyle
 10744 | Bailey   | HP: 6/135 [vampire (7)]
 10747 | Bailey   | Mangled by a vampire

Illustrated notes

Levels and vault maps discovered:
D:1:      minmay_arrival_wavy_path, layout_rooms,
          hellmonk_ecumenical_altar_dog_temple,
          nicolae_concentric_dashed_squares_wild,
          corexii_item_surrounded_by_moat
D:2:      layout_basic
D:3:      layout_loops_ring, nicolae_qazlal_scattered_showers,
          kennysheep_jessica_study, uniq_robin
D:4:      layout_basic, ashenzari_conservatory_becter,
          nicolae_ossuary_entry_catacombs, nicolae_shop_fire_sale
          [nicolae_sub_dead_trees]
D:5:      layout_rooms, mainiacjoe_overflow_boulevard,
          minmay_temple_entry_nine_rooms, serial_shops, shop, uniq_ijyb
D:6:      layout_basic, nicolae_overflow_quartered_altars, kennysheep_potato,
          uniq_crazy_yiuf_cottage
D:7:      layout_rooms, lemuel_crystal_altar, nzn_ghost_randoct, serial_shops,
          shop, uniq_pikel
D:8:      layout_basic, nicolae_overflow_hidden_temple, feat_on_display
D:9:      layout_grid_maze, special_room [special_room_kobold], enter_bailey_5,
          hangedman_abyss_or_decor_clamps, uniq_maurice, uniq_psyche,
          uniq_joseph
Bailey:   bailey_polearm_vampire_castle_hellmonk, bailey

Skill      XL: |  1  2  3  4  5  6  7  8  9 10 |
---------------+-------------------------------+-----
Axes           | 3 4 5 6 7 8 10 12 13 | 13.4
Fighting       | 4 5 6 7 8 |  8.5
Armour         | 1 2 4 |  4.0
Evocations     | 1 2 4 |  4.0
Throwing       | 1 2 |  2.0
Dodging        | 2 4 5 |  5.8
Stealth        | |  4.1

Action                   |  1- 3 |  4- 6 |  7- 9 | 10-12 || total
-------------------------+-------+-------+-------+-------++-------
Melee: Hand axe          |   148 |    22 |       |       ||   170
       Punch             |     2 |       |     1 |       ||     3
       Whip              |       |   138 |   118 |       ||   256
       Rapier            |       |     4 |       |       ||     4
       Battleaxe         |       |       |   145 |   118 ||   263
Throw: Javelin           |     5 |       |       |       ||     5
       Dart              |     7 |       |       |       ||     7
Evoke: Wand              |       |       |     3 |     3 ||     6
  Use: Scroll            |     9 |     1 |    10 |     1 ||    21
       Potion            |       |     4 |     1 |     2 ||     7
 Stab: Sleeping          |     3 |     3 |     1 |       ||     7
Armor: Leather armour    |     7 |       |    22 |       ||    29
       Ring mail         |    38 |    45 |   104 |    84 ||   271
       Skin              |       |    15 |       |       ||    15
Dodge: Dodged            |    86 |    55 |   188 |    97 ||   426
Block: Other             |       |       |    31 |    56 ||    87
       Reflection        |       |       |       |     1 ||     1
